AoeStats
← DZT_白霜魔头

Arena

510659309Analyzed
4v4 RM · 8h ago on Oct 2, 2026· 39m 48s· 8 players
Game mode
Random Map
Map size
Large (8 player)
Population
200
Speed
Normal
Resources
Standard
Victory
Conquest
Starting age
Dark Age
Ending age
Imperial Age
RankedLock teamsTeams togetherTeam positionsShared explorationLock speedFull tech treeHidden civsTurbo modeCheats
Victory
Defeat
🇨🇳 Cumans · China
1807
+12
🇵🇹 Saxons · Portugal
1656
+18
🇵🇹 Portuguese · Portugal
1624
+19
🇺🇸 Celts · United States
1606
+20
🇦🇷 Danes · Argentina
1766
-20
🇧🇷 Saracens · Brazil
1732
-19
🇺🇸 Khmer · United States
1676
-16
🇧🇷 Italians · Brazil
1631
-14
[SotC] Klovn
10:56 Feudal Age
14:31 Castle Age
12:43 Double-Bit Axe
12:56 Horse Collar
17:04 Town Watch
18:34 Loom
19:58 Scale Mail Armor
19:59 Squires
34:21 Imperial Age
34:52 Wheelbarrow
34:35 Elite Varangian Guard
36:01 Chain Mail Armor
36:00 Forging
36:57 Bow Saw
SS_Guxta
11:39 Feudal Age
14:26 Castle Age
12:43 Double-Bit Axe
12:38 Horse Collar
16:28 Bow Saw
19:03 Loom
21:11 Heavy Plow
22:29 Wheelbarrow
28:10 Imperial Age
26:09 Ballistics
26:32 Hand Cart
26:26 Town Watch
26:43 Gold Mining
28:47 Gold Shaft Mining
29:54 Double Crossbow
29:26 Heavy Scorpion
29:44 Pikeman
30:49 Scale Mail Armor
30:34 Halberdier
32:24 Forging
33:41 Chain Mail Armor
34:08 Iron Casting
35:58 Chemistry
35:38 Conscription
34:49 Capped Ram
35:31 Stone Mining
36:47 Coinage
38:26 Blast Furnace
Fs.churacoRS
10:18 Feudal Age
14:31 Castle Age
12:20 Horse Collar
12:44 Double-Bit Axe
15:30 Bow Saw
18:20 Loom
21:29 Wheelbarrow
22:14 Gold Mining
22:32 Stone Mining
23:21 Heavy Plow
25:44 Hand Cart
28:09 Imperial Age
26:18 Scale Barding Armor
26:23 Forging
26:50 Gold Shaft Mining
27:19 Chain Barding Armor
28:13 Husbandry
28:24 Bloodlines
28:59 Iron Casting
28:42 Redemption
28:48 Fervor
28:59 Sanctity
29:25 Conscription
29:09 Elite Mameluke
31:10 Plate Barding Armor
31:36 Blast Furnace
29:58 Light Cavalry
32:43 Chemistry
SS_T3q
10:51 Feudal Age
11:35 Loom
14:56 Castle Age
12:57 Double-Bit Axe
12:53 Horse Collar
13:04 Gold Mining
17:15 Town Watch
21:14 Bow Saw
24:46 Wheelbarrow
29:06 Imperial Age
27:48 Stone Mining
27:59 Heavy Plow
28:32 Scale Mail Armor
28:42 Forging
28:48 Arson
29:05 Squires
30:15 Chain Mail Armor
30:37 Iron Casting
Kold
10:51 Feudal Age
14:31 Castle Age
13:34 Double-Bit Axe
13:30 Horse Collar
15:48 Bow Saw
17:38 Scale Mail Armor
24:20 Loom
25:15 Wheelbarrow
25:52 Heavy Plow
28:08 Hand Cart
28:47 Chain Mail Armor
31:20 Imperial Age
30:20 Forging
30:13 Stone Mining
30:15 Gold Mining
31:59 Iron Casting
32:37 Plate Mail Armor
32:33 Conscription
33:11 Gold Shaft Mining
32:59 Squires
32:45 Arson
33:16 Fletching
33:12 Elite Varangian Guard
33:48 Bodkin Arrow
35:02 Two-Man Saw
34:15 Treadmill Crane
34:44 Shield Wall
36:11 Crop Rotation
35:51 Elite Hearth Troop
36:36 Bracer
37:30 Padded Archer Armor
38:11 Pikeman
38:44 Halberdier
40:43 Ballistics
41:24 Chemistry
DZT_白霜魔头
8:13 Feudal Age
9:12 Double-Bit Axe
9:08 Horse Collar
13:41 Wheelbarrow
13:48 Wheelbarrow
19:04 Castle Age
17:52 Gold Mining
18:38 Bloodlines
18:39 Forging
18:35 Scale Barding Armor
19:58 Heavy Plow
20:20 Bow Saw
23:19 Hand Cart
26:15 Gold Shaft Mining
29:00 Imperial Age
27:43 Iron Casting
27:39 Stone Mining
28:26 Chain Barding Armor
29:17 Elite Steppe Lancer
30:40 Plate Barding Armor
32:51 Blast Furnace
32:21 Loom
35:05 Ballistics
34:38 Fletching
34:48 Padded Archer Armor
35:37 Town Watch
35:37 Town Watch
35:37 Town Watch
36:06 Cuman Mercenaries
36:07 Steppe Husbandry
36:28 Conscription
36:57 Bodkin Arrow
37:17 Leather Archer Armor
38:04 Chemistry
39:01 Two-Man Saw
39:04 Parthian Tactics
38:44 Thumb Ring
40:00 Ring Archer Armor
39:05 Elite Kipchak
Savitar_pt
11:23 Feudal Age
15:42 Castle Age
14:09 Loom
14:18 Double-Bit Axe
15:55 Town Watch
24:53 Bow Saw
31:31 Imperial Age
29:13 Gold Mining
29:30 Fletching
31:38 Bodkin Arrow
35:22 Chemistry
37:10 Horse Collar
40:03 Bracer
40:20 Padded Archer Armor
Strat
10:09 Feudal Age
14:01 Castle Age
13:10 Double-Bit Axe
13:06 Horse Collar
15:30 Bow Saw
22:28 Loom
23:21 Wheelbarrow
22:34 Town Watch
22:51 Heavy Plow
26:30 Imperial Age
24:30 Scale Mail Armor
25:20 Chain Mail Armor
25:00 Pikeman
26:24 Forging
26:35 Capped Ram
26:36 Halberdier
28:47 Plate Mail Armor
29:42 Siege Ram
33:23 Hand Cart
34:15 Stone Mining
34:16 Gold Mining
35:01 Heavy Scorpion
36:42 Siege Engineers
37:39 Chemistry
38:10 Ballistics
39:08 Iron Casting
39:45 Masonry
Connection lost

Rejoining the realm…

Still unreachable

The connection could not be restored.

Session expired

The server has moved on; the page needs a fresh start.